 Dungeon Crawl Stone Soup version 0.27.1-34-g3ba077fa99 (webtiles) character file.

Game seed: 9037044125079279460

814 pkoi the Gusty (level 7, -2/50 HPs)
             Began as a White Draconian Air Elementalist on Jan 11, 2022.
             Was an Initiate of Hepliaklqana.
             Slain by Menkaure (20 damage)
             ... on level 6 of the Dungeon.
             The game lasted 00:08:56 (7642 turns).

pkoi the Gusty (White Draconian Air Elementalist)   Turns: 7642, Time: 00:08:57

Health: -2/50      AC:  9    Str:  5    XL:     7   Next: 62%
Magic:  3/11       EV: 12    Int: 18    God:    Hepliaklqana [......]
Gold:   273        SH:  5    Dex: 11    Spells: 4/12 levels left

rFire    + . .     SeeInvis .   e - +0 dagger (speed)
rCold    + . .     Faith    .   (no shield)
rNeg     . . .     Spirit   .   (armour unavailable)
rPois    .         Reflect  +   (helmet restricted)
rElec    .         Harm     .   f - scarf {repulsion}
rCorr    .         Rampage  .   n - +0 pair of gloves of Refuge {rF+ Regen+ Str-5}
Will     .....                  m - +1 pair of boots
Stlth    ++........             l - amulet of reflection
HPRegen  1.16/turn              o - ring of flight
MPRegen  0.12/turn              (no ring)

@: flying, repel missiles
A: breathe frost, AC +6, unfitting armour, cold resistance 1, cold-blooded
a: Breathe Frost, Renounce Religion


You were on level 6 of the Dungeon.
You worshipped Hepliaklqana.
Hepliaklqana was noncommittal.
You visited 2 branches of the dungeon, and saw 7 of its levels.

You collected 273 gold pieces.

Inventory:

Hand Weapons
 b - a +1 dagger
 e - a +0 dagger of speed (weapon)
 u - a +3 great sword of freezing
Missiles
 h - 15 poisoned darts
Armour
 f - a scarf of repulsion (worn)
 m - a +1 pair of boots (worn)
 n - the +0 pair of gloves of Refuge (worn) {rF+ Regen+ Str-5}
   (You acquired it on level 3 of the Dungeon)

   Str:       It affects your strength (-5).
   rF:        It protects you from fire.
   Regen:     It increases your rate of health regeneration.
Jewellery
 l - an amulet of reflection (around neck)
 o - a ring of flight (left hand)
Scrolls
 a - 3 scrolls of fear
 d - 3 scrolls of amnesia
 p - a scroll of enchant weapon
 q - 2 scrolls of enchant armour
 r - a scroll of magic mapping {unknown}
 s - 2 scrolls of identify
 t - a scroll of fog
Potions
 c - a potion of cancellation {unknown}
 g - a potion of flight
 i - a potion of heal wounds {unknown}
 j - a potion of brilliance {unknown}
 k - a potion of curing


   Skills:
 - Level 1.7 Dodging
 - Level 1.7 Stealth
 + Level 5.6 Unarmed Combat
 - Level 3.0 Spellcasting
 - Level 3.0 Conjurations
 + Level 5.8 Air Magic


You had 4 spell levels left.
You knew the following spells:

 Your Spells              Type           Power      Damage    Failure   Level
a - Shock                 Conj/Air       72%        1d7       2%          1
b - Swiftness             Air            23%        N/A       4%          3
c - Airstrike             Air            11%        N/A       16%         4

Your spell library contained the following spells:

 Spells                   Type           Power      Damage    Failure   Level
 Static Discharge         Conj/Air       18%        N/A       4%          2
 Summon Small Mammal      Summ           8%         N/A       16%         1
 Call Canine Familiar     Summ           2%         N/A       43%         3
 Summon Guardian Golem    Hex/Summ       2%         N/A       43%         3


Dungeon Overview and Level Annotations

Branches:
Dungeon (6/15)             Temple (1/1) D:6

Altars:
Ashenzari
Cheibriados
Dithmenos
Elyvilon
Fedhas
Gozag
Hepliaklqana
Kikubaaqudgha
Makhleb
Nemelex Xobeh
Okawaru
Qazlal
Ru
Sif Muna
Trog
Vehumet
Wu Jian
Xom
Yredelemnul
Zin
The Shining One

Annotations:
D:4 exclusion: two-headed ogre
D:6 Menkaure


Innate Abilities, Weirdness & Mutations

You can breathe waves of freezing cold which knock back foes.
Your icy white scales are hard. (AC +6)
You cannot fit into any form of body armour.
Your flesh is cold resistant. (rC+)
You are cold-blooded and may be slowed by cold attacks.


Message History

You are too injured to fight recklessly!
Menkaure calls on the powers of darkness!
Your body is wracked with pain!
* * * LOW HITPOINT WARNING * * *
Press: ? - help, Shift-Dir - straight line, f/p - Menkaure
Aim: Menkaure (moderately damaged, fast)
You exhale a wave of freezing cold.
The freezing breath hits Menkaure.
Menkaure resists.
Menkaure is heavily damaged.
Menkaure is blown backwards by the freezing wind.
Unknown command.
Aiming: Shock (safe; 2% risk of failure)
Press: ? - help, Q - select action, (/) - cycle Shift-Dir - straight line, f/p - Menkaure
Aim: Menkaure (heavily damaged, fast, 86% to hit)
The zap hits Menkaure.
Menkaure is severely damaged.
Unknown command.
Aiming: Shock (safe; 2% risk of failure)
Press: ? - help, Q - select action, (/) - cycle Shift-Dir - straight line, f/p - Menkaure
Aim: Menkaure (severely damaged, fast, 86% to hit)
The zap hits Menkaure.
Menkaure is severely damaged.
Menkaure hits you but does no damage.
You hit Menkaure.
Menkaure is almost destroyed.
Menkaure hits you.
* * * LOW HITPOINT WARNING * * *
You hit Menkaure.
Menkaure is almost destroyed.
You barely miss Menkaure.
Menkaure is almost destroyed.
You have got your breath back.
You block Menkaure's attack.
Unknown command.
Aiming: Shock (safe; 2% risk of failure)
Press: ? - help, Q - select action, (/) - cycle Shift-Dir - straight line, f/p - Menkaure
Aim: Menkaure (almost destroyed, fast, 86% to hit)
The zap misses Menkaure.
Menkaure hits you!!
You die...

##########.#..#.#
#.............?.#
#..........#....#
.##############..........#....#.
.......................)........
#.#####.#######@.......!g.......
#.# #.M.......#....... #.###
###.#.....g.<..... .#### #...#
....?..Y....#.. ....# ##..#
........M.### .##.# #...#####
.....#..## .##.####........#
.......# ................#
###.## ..##..#.......... ..


You could see Menkaure (fast).

Vanquished Creatures
  An ice beast (D:5)
  An ogre (D:5)
  A scorpion (D:4)
  A water moccasin skeleton (D:5)
  5 wights (D:5)
  A jelly (D:5)
  A centaur skeleton (D:4)
  A hound (D:4)
  An orc wizard (D:5)
  2 iguanas
  A gnoll (D:6)
  7 adders
  A white imp (D:5)
  An ufetubus (D:4)
  2 worms
  2 dart slugs (D:2)
  7 orcs
  11 ball pythons
  2 endoplasms (D:1)
  A giant cockroach (D:4)
  10 goblins
  8 hobgoblins
  2 jackals (D:5)
  4 quokkas
  4 bats
  A frilled lizard (D:2)
  9 kobolds
  4 rats
92 creatures vanquished.

Notes
Turn   | Place    | Note
-------+----------+-------------------------------------------
     0 | D:1      | pkoi the Draconian Air Elementalist began the quest for the
                  | Orb.
     0 | D:1      | Reached XP level 1. HP: 14/14 MP: 3/3
   217 | D:1      | Reached skill level 1 in Unarmed Combat
   461 | D:1      | Found a faded altar of an unknown god.
   484 | D:1      | Reached XP level 2. HP: 3/20 MP: 0/5
  1768 | D:2      | You fall into a shaft and drop 2 floors!
  1894 | D:4      | Reached XP level 3. HP: 21/26 MP: 1/6
  2090 | D:4      | Learned a level 3 spell: Swiftness
  2468 | D:4      | Noticed a two-headed ogre
  2530 | D:4      | Noticed a scorpion
  2788 | D:4      | Reached XP level 4. HP: 28/33 MP: 1/7
  3352 | D:2      | You fall into a shaft and drop 1 floor!
  3783 | D:2      | Learned a level 4 spell: Airstrike
  4115 | D:3      | Identified a scroll of acquirement
  4115 | D:3      | Acquired the +0 pair of gloves of Refuge {rF+ Regen+ Str-5}
  4120 | D:3      | Reached XP level 5. HP: 38/38 MP: 1/8
  4586 | D:3      | Found an ornate altar of the Wu Jian Council.
  5596 | D:4      | Reached XP level 6. HP: 41/45 MP: 0/10
  5851 | D:5      | Entered Level 5 of the Dungeon
  5880 | D:5      | Noticed a sky beast
  6033 | D:5      | Noticed an ice beast
  6051 | D:5      | Killed an ice beast
  6737 | D:5      | Your scales start taking on an icy white colour.
  6737 | D:5      | Reached XP level 7. HP: 48/50 MP: 5/11
  6737 | D:5      | Gained mutation: Your flesh is cold resistant. (rC+) [White
                  | Draconian growth]
  6739 | D:5      | Reached skill level 5 in Air Magic
  6740 | D:5      | Reached skill level 5 in Unarmed Combat
  7231 | D:6      | Noticed Menkaure
  7427 | D:6      | Found a staircase to the Ecumenical Temple.
  7439 | Temple   | Entered the Ecumenical Temple
  7589 | Temple   | Became a worshipper of Hepliaklqana the Forgotten
  7642 | D:6      | Slain by Menkaure

Illustrated notes

Levels and vault maps discovered:
D:1:      co_arrival_random_square_maze, layout_basic, basic_ecumenical_altar,
          skrybe_limestone_x
D:2:      layout_loops_cross
D:3:      layout_loops_cross, mainiacjoe_overflow_alcove_4
D:4:      layout_gridville, minmay_small_thing
D:5:      layout_basic, minmay_misc_feat_pillars
D:6:      layout_basic, minmay_temple_entry_stoned_glass,
          kennysheep_generic_room_16, uniq_menkaure, uniq_pikel
Temple:   regret_index_temple_chain_breaker

Skill      XL: |  1  2  3  4  5  6  7 |
---------------+----------------------+-----
Unarmed Combat | 1 2 3 4 5 |  5.6
Conjurations   | 2 3 |  3.0
Spellcasting   | 3 |  3.0
Air Magic      | 4 5 |  5.8
Dodging        | |  1.7
Stealth        | |  1.7

Action                   |  1- 3 |  4- 6 |  7- 9 || total
-------------------------+-------+-------+-------++-------
Melee: Dagger            |    39 |    36 |     3 ||    78
       Unarmed           |     4 |       |       ||     4
       Tailslap          |     2 |     2 |       ||     4
       Punch             |       |     1 |       ||     1
 Cast: Shock             |    65 |   159 |    37 ||   261
 Abil: Breathe Frost     |       |       |     1 ||     1
  Use: Scroll            |     5 |     4 |       ||     9
       Potion            |       |     2 |       ||     2
Armor: Skin              |    16 |    18 |     4 ||    38
Dodge: Dodged            |    35 |    40 |     6 ||    81
       Repelled          |       |     1 |       ||     1
Block: Other             |     1 |    13 |     3 ||    17
       Reflection        |       |     1 |       ||     1
